[Event "*** Titled Tuesday Blitz"]
[Site "Chess.com"]
[Date "2020.11.03"]
[Round "2"]
[White "VladimirBugayev"]
[Black "djano"]
[Result "1-0"]
[WhiteElo "2318"]
[BlackElo "2460"]
[TimeControl "180+1"]
[EndTime "10:17:40 PST"]
[Termination "VladimirBugayev won by resignation"]

1. e4 c5 2. Nc3 a6 3. g3 b5 4. Bg2 Bb7 5. Nh3 g6 6. O-O Bg7 7. d3 e6 8. f4 Ne7 9. f5 gxf5 10.
Qh5 Qb6 11. Ng5 Ng6 12. exf5 Bxg2 13. Kxg2 Qb7+ 14. Nce4 exf5 15. Rxf5 Rf8 16. Qxh7 Be5 17. Nxf7 Ne7 18. Rxe5 Rxf7 19. Qh8+ Rf8 20. Qh4 Kd8 21.
Bg5 Nc6 22. Bxe7+ Nxe7 23. Rf1 Kc7 24. Rxf8 Rxf8 25. Qxe7 Rd8 26. Qd6+ Kc8 27. Rxc5+ 1-0

[Event "*** Titled Tuesday Blitz"]
[Site "Chess.com"]
[Date "2020.11.03"]
[Round "2"]
[White "Ashedu66"]
[Black "fyall777"]
[Result "0-1"]
[WhiteElo "2225"]
[BlackElo "2431"]
[TimeControl "180+1"]
[EndTime "10:17:40 PST"]
[Termination "fyall777 won on time"]

1. d4 d6 2. e4 e5 3. Nf3 exd4 4. Nxd4 Nf6 5. Nc3 Be7 6. Bf4 O-O 7. Qd2 d5 8. e5 Nh5 9. Bg3 c5 10. Nf3 d4 11.
Ne4 Bf5 12. Qe2 Qa5+ 13. Nfd2 Nxg3 14. hxg3 Nc6 15. g4 Be6 16. f4 Nb4 17. Kf2 Nxc2 18. Rc1 Ne3 19. f5 Qxa2 20. Kg3 Qxb2 21. Qd3 Bxf5 22.
gxf5 Nxf5+ 23. Kh2 g6 0-1

[Event "*** Titled Tuesday Blitz"]
[Site "Chess.com"]
[Date "2020.11.03"]
[Round "2"]
[White "nitpicker"]
[Black "ARTHURMOTIVATOR"]
[Result "1/2-1/2"]
[WhiteElo "2133"]
[BlackElo "2389"]
[TimeControl "180+1"]
[EndTime "10:17:40 PST"]
[Termination "Game drawn by repetition"]

1. d4 Nf6 2. c4 c5 3. d5 g6 4. Nc3 Bg7 5. e4 d6 6. h3 O-O 7. Nf3 e6 8. Bd3 Na6 9. O-O e5 10. Bg5 h6 11. Be3 Nh7 12. Ne1 f5 13. exf5 gxf5 14. f4 e4 15. Be2 Bxc3 16. bxc3 Qf6 17.
Qd2 Qg7 18. Kh2 Nf6 19. Nc2 h5 20. Bf2 Bd7 21. Ne3 Kf7 22. Bh4 Rh8 23. Bg5 h4 24.
Rab1 Rab8 25. Rb2 Nh7 26. Bxh4 Nf6 27. Bg5 Nh7 28. Bh4 Nf6 29. Bg5 Nh7 30. Bh4 1/2-1/2

[Event "*** Titled Tuesday Blitz"]
[Site "Chess.com"]
[Date "2020.11.03"]
[Round "2"]
[White "ShimanovAlex"]
[Black "PIwan"]
[Result "1-0"]
[WhiteElo "2811"]
[BlackElo "2524"]
[TimeControl "180+1"]
[EndTime "10:17:42 PST"]
[Termination "ShimanovAlex won on time"]

1. d4 d5 2. Nf3 Nf6 3. Bf4 e6 4. e3 Bd6 5. Bg5 h6 6. Bh4 c5 7. Nbd2 Nc6 8. c3 O-O 9. Bd3 e5 10. dxe5 Nxe5 11. Nxe5 Bxe5 12. Nf3 Bd6 13. Bc2 Be7 14. Qd3 g6 15. Qe2 Ne4 16. Bg3 Be6 17. Nd2 Nxg3 18. hxg3 Kg7 19. Nf3 Bf6 20. Rd1 Qa5 21. Qd2 h5 22. a3 Rad8 23. Bd3 Bg4 24. Be2 Rfe8 25. O-O Bxf3 26. Bxf3 d4 27. exd4 cxd4 28.
c4 Qb6 29. b4 Rh8 30. Bd5 h4 31. Qf4 Qd6 32. Qxd6 Rxd6 33. gxh4 Rxh4 34. g3 Rh8 35. Bxb7 d3 36. Bd5 1-0

[Event "*** Titled Tuesday Blitz"]
[Site "Chess.com"]
[Date "2020.11.03"]
[Round "2"]
[White "Deepweb2020"]
[Black "brunomorado"]
[Result "0-1"]
[WhiteElo "2246"]
[BlackElo "2444"]
[TimeControl "180+1"]
[EndTime "10:17:42 PST"]
[Termination "brunomorado won by resignation"]

1. Nf3 Nf6 2. c4 c6 3. g3 d5 4.
Qa4 e6 5. Bg2 Nbd7 6. cxd5 exd5 7. O-O Be7 8. d4 O-O 9. a3 Ne4 10. Qc2 Ndf6 11. Nc3 Re8 12. Ne5 Bf5 13. Qd1 Bd6 14. Nd3 Nxc3 15. bxc3 Qe7 16. e3 Be4 17. a4 Bxg2 18. Kxg2 Ne4 19. Qc2 Rac8 20. Rb1 c5 21.
Qb2 cxd4 22. cxd4 Nc3 23. Ne1 Qe4+ 0-1

[Event "*** Titled Tuesday Blitz"]
[Site "Chess.com"]
[Date "2020.11.03"]
[Round "2"]
[White "chessdjw"]
[Black "Pedrada88"]
[Result "1-0"]
[WhiteElo "2685"]
[BlackElo "2384"]
[TimeControl "180+1"]
[EndTime "10:17:44 PST"]
[Termination "chessdjw won by resignation"]

1. d4 Nf6 2. c4 b6 3. Nc3 Bb7 4. Qc2 e6 5. e4 d6 6. Bd3 Nbd7 7. Nge2 g6 8. O-O Bg7 9. f3 O-O 10. Be3 d5 11. cxd5 exd5 12. e5 Ne8 13. f4 c5 14. Qd2 Rc8 15. Rad1 Nc7 16. Bb1 cxd4 17. Nxd4 Ne6 18. Ndb5 Ba6 19. Rfe1 Bxb5 20. Nxb5 Ndc5 21. Qxd5 a6 22. Nd6 Rc7 23. f5 gxf5 24. Bxf5 Qh4 25. Rf1 Qh5 26. Rf3 Rd7 27. Rdf1 Rc7 28. Rh3 Qe2 29.
Bxh7+ Kh8 30. Bd3+ 1-0

[Event "*** Titled Tuesday Blitz"]
[Site "Chess.com"]
[Date "2020.11.03"]
[Round "2"]
[White "Atousa1"]
[Black "shaheus"]
[Result "1-0"]
[WhiteElo "2400"]
[BlackElo "2129"]
[TimeControl "180+1"]
[EndTime "10:17:44 PST"]
[Termination "Atousa1 won on time"]

1. e4 d5 2. exd5 Nf6 3. d4 Bg4 4. f3 Bf5 5. Bb5+ Nbd7 6. c4 a6 7. Ba4 b5 8. cxb5 Nxd5 9. bxa6 Rxa6 10. Ne2 e6 11. O-O Bd6 12. Nbc3 O-O 13. Nxd5 exd5 14. Bf4 Bxf4 15. Nxf4 Qg5 16. g3 Nb6 17. Bb5 Raa8 18. a4 h5 19. a5 Nc4 20. Nxd5 Nd6 21.
f4 Qd8 22. Be2 h4 23. Bf3 hxg3 24. hxg3 Nc4 25. Qe2 Nxa5 26. Ne7+ Kh7 27. Qh2+ 1-0

[Event "*** Titled Tuesday Blitz"]
[Site "Chess.com"]
[Date "2020.11.03"]
[Round "2"]
[White "Guenplen"]
[Black "gilbert_gm"]
[Result "1-0"]
[WhiteElo "2903"]
[BlackElo "2583"]
[TimeControl "180+1"]
[EndTime "10:17:46 PST"]
[Termination "Guenplen won by resignation"]

1. d4 Nf6 2. Bf4 d5 3. e3 c6 4.
c4 Bg4 5. Qb3 Qb6 6. Nc3 e6 7.
h3 Bh5 8. c5 Qxb3 9. axb3 a6 10. b4 Be7 11. b5 O-O 12. Bd3 cxb5 13. Nxb5 Nc6 14. Nd6 b6 15. cxb6 Rab8 16. b7 Rfd8 17. Nc8 Rxb7 18. Nxe7+ Nxe7 19. Nf3 Rxb2 20. O-O Ng6 21. Bc7 Rc8 22. Bg3 Ne4 23. Bxe4 dxe4 24. Ng5 Be2 25. Rfc1 Re8 26. Nxe4 Bb5 27. Nd6 Rd8 28.
Rc7 Rf8 29. Nxb5 axb5 30. Raa7 h5 31. Bd6 Rd8 32. Rxf7 Rxd6 33. Rxg7+ Kf8 34. Rxg6 Rc6 35. Rf6+ Ke8 36. Rh6 1-0

[Event "*** Titled Tuesday Blitz"]
[Site "Chess.com"]
[Date "2020.11.03"]
[Round "2"]
[White "chesslh19"]
[Black "markberk"]
[Result "1/2-1/2"]
[WhiteElo "2220"]
[BlackElo "2416"]
[TimeControl "180+1"]
[EndTime "10:17:46 PST"]
[Termination "Game drawn by agreement"]

1. e4 c6 2. d4 d5 3. Nd2 dxe4 4.
Nxe4 Nf6 5. Nxf6+ gxf6 6. Nf3 Bg4 7. c3 Nd7 8. Bf4 e5 9. dxe5 fxe5 10. Bg3 Qb6 11. Qb3 Bxf3 12. gxf3 Qxb3 13. axb3 Bg7 14. Bh3 Nc5 15. Ra3 Ke7 16. Ke2 Rhd8 17. Bh4+ Bf6 18. Bg3 a6 19. Bf5 h5 20. h4 Rd6 21. Rd1 Rxd1 22. Kxd1 Rd8+ 23. Ke2 Ne6 24. Ra1 Nc5 25. Bc2 1/2-1/2

[Event "*** Titled Tuesday Blitz"]
[Site "Chess.com"]
[Date "2020.11.03"]
[Round "2"]
[White "KingCrusher275"]
[Black "GOGIEFF"]
[Result "0-1"]
[WhiteElo "2594"]
[BlackElo "2909"]
[TimeControl "180+1"]
[EndTime "10:17:47 PST"]
[Termination "GOGIEFF won by resignation"]

1. d4 Nf6 2. c4 g6 3. Nc3 Bg7 4.
e4 d6 5. h3 O-O 6. Nf3 e5 7.
d5 a5 8. Bg5 Na6 9. g4 Qe8 10.
Nd2 Nd7 11. Rg1 Ndc5 12. a3 a4 13. Be2 Bd7 14. h4 Kh8 15. h5 gxh5 16. gxh5 f5 17. Qc2 fxe4 18. Ndxe4 Bf5 19. h6 Bf6 20. Bxf6+ Rxf6 21. Nxf6 Bxc2 22. Nxe8 Rxe8 23. Kf1 Rf8 24. Rg7 Rf6 25. Re7 Rxh6 26. Kg2 Rg6+ 27. Kh2 Rh6+ 28. Kg2 Bg6 29. Rh1 Rxh1 30. Kxh1 Kg8 31. Nb5 Kf8 32.
Rxc7 Nxc7 33. Nxc7 Nd3 34. Nb5 Ke7 35. Nc3 Nxb2 36.
Kg1 h5 37. Kf1 Kf6 38. Ke1 h4 39. Kd2 h3 40. Bg4 h2 41. Bf3 Nxc4+ 0-1

[Event "*** Titled Tuesday Blitz"]
[Site "Chess.com"]
[Date "2020.11.03"]
[Round "2"]
[White "cstevens1"]
[Black "Keures"]
[Result "1-0"]
[WhiteElo "2667"]
[BlackElo "2316"]
[TimeControl "180+1"]
[EndTime "10:17:48 PST"]
[Termination "cstevens1 won by checkmate"]

1. e4 e6 2. d4 d5 3. Nd2 Nf6 4.
e5 Ne4 5. c3 c5 6. Bd3 Nxd2 7.
Bxd2 Qb6 8. Nf3 Bd7 9. Qe2 cxd4 10. cxd4 Nc6 11. Bc3 Nb4 12. Bxb4 Bxb4+ 13. Kf1 O-O 14. h4 f6 15. Rh3 fxe5 16. dxe5 Rf4 17. Rg3 Raf8 18. Kg1 Be7 19. Rf1 Be8 20. Qc2 h6 21.
Bg6 Bb5 22. Bh7+ Kh8 23. Rxg7 Qc6 24. Qg6 Qe8 25. Qxh6 R4f6 26. Bg6# 1-0

[Event "*** Titled Tuesday Blitz"]
[Site "Chess.com"]
[Date "2020.11.03"]
[Round "2"]
[White "AleksanderHnydiuk"]
[Black "kreonx"]
[Result "1-0"]
[WhiteElo "2480"]
[BlackElo "2305"]
[TimeControl "180+1"]
[EndTime "10:17:49 PST"]
[Termination "AleksanderHnydiuk won by resignation"]

1. e4 c6 2. d4 d5 3. f3 g6 4. h4 h5 5. c3 Bg7 6. Bg5 dxe4 7.
fxe4 Bg4 8. Be2 Qd7 9. Nf3 Na6 10. Nbd2 Nc7 11. Qb3 Ne6 12. Be3 Bh6 13. Bxh6 Nxh6 14.
O-O-O Nf4 15. Bc4 b5 16. Bf1 Be6 17. Qc2 Ng4 18. Re1 O-O 19. g3 Nd5 20. exd5 Qxd5 21.
c4 bxc4 22. Bxc4 Qa5 23. Bxe6 fxe6 24. Qxg6+ 1-0

[Event "*** Titled Tuesday Blitz"]
[Site "Chess.com"]
[Date "2020.11.03"]
[Round "2"]
[White "Misticpikachu"]
[Black "kflorian98"]
[Result "0-1"]
[WhiteElo "2501"]
[BlackElo "2759"]
[TimeControl "180+1"]
[EndTime "10:17:50 PST"]
[Termination "kflorian98 won on time"]

1. c4 a6 2. Nf3 b5 3. e3 bxc4 4. Bxc4 d5 5. Bb3 Nf6 6. O-O g6 7. Nc3 Bg7 8. d4 O-O 9. Bd2 a5 10. Rc1 e6 11. Na4 Bd7 12. Nc5 Bb5 13. Re1 Nbd7 14. Ba4 Bxa4 15. Qxa4 Nb6 16. Qc6 Qd6 17. Qxd6 cxd6 18. Nb7 Nc4 19. b3 Rfb8 20. bxc4 Rxb7 21. c5 dxc5 22. dxc5 Ne4 23. c6 Rc7 24. Red1 Ra6 25. Nd4 Bxd4 26. exd4 Nxd2 27. Rxd2 Raxc6 28. Rxc6 Rxc6 29. Kf1 Rc4 30. Ke2 g5 31. g4 Kg7 32. Ke3 Kg6 33. h3 h5 34. Rb2 Rc3+ 35. Ke2 Rxh3 36. gxh5+ Kxh5 37. Rb7 Kg6 38. Rb2 Ra3 39. Kf1 g4 40. Kg2 Kg5 41. Rc2 Kf4 42. Re2 Ra4 43. Rd2 f6 44.
Re2 Kf5 45. Rd2 Ra3 46. Re2 Rd3 47. Rb2 Rxd4 0-1

[Event "*** Titled Tuesday Blitz"]
[Site "Chess.com"]
[Date "2020.11.03"]
[Round "2"]
[White "grandcoach"]
[Black "pedroholly22"]
[Result "0-1"]
[WhiteElo "2090"]
[BlackElo "2388"]
[TimeControl "180+1"]
[EndTime "10:17:50 PST"]
[Termination "pedroholly22 won on time"]

1. e4 c5 2. b4 cxb4 3. a3 d5 4. exd5 Qxd5 5. Bb2 bxa3 6. Nxa3 Nc6 7. Nf3 Nf6 8. Bc4 Qd8 9. O-O e6 10. Re1 Be7 11.
Nb5 O-O 12. Ne5 Na5 13. Bd3 a6 14. Nc3 Nc6 15. Nxc6 bxc6 16. Qf3 Bd7 17. Ne4 a5 18.
Nxf6+ Bxf6 19. Qh5 g6 20. Bxf6 Qxf6 21. Qc5 a4 22. h3 Rfb8 23. Ra3 Qb2 24. Rea1 Qb4 0-1

[Event "*** Titled Tuesday Blitz"]
[Site "Chess.com"]
[Date "2020.11.03"]
[Round "2"]
[White "MarcoRiehle"]
[Black "Pilopa"]
[Result "1-0"]
[WhiteElo "2717"]
[BlackElo "2478"]
[TimeControl "180+1"]
[EndTime "10:17:51 PST"]
[Termination "MarcoRiehle won by resignation"]

1. e4 c6 2. c4 d5 3. exd5 Nf6 4. Nc3 cxd5 5. cxd5 g6 6. Bc4 Bg7 7. Nf3 O-O 8. O-O a6 9. a4 b6 10. d4 Bb7 11. Qb3 Nbd7 12. Ne5 b5 13. axb5 axb5 14. Rxa8 Qxa8 15. Qxb5 Nb8 16. Bg5 h6 17. Bh4 Rd8 18.
Re1 g5 19. Bg3 Nxd5 20. h4 e6 21. hxg5 hxg5 22. Ne4 Ba6 23. Qa5 f6 24. Qxd8+ Kh7 25. Bxd5 Qxd5 26. Nxf6+ Bxf6 27. Qxf6 1-0

[Event "*** Titled Tuesday Blitz"]
[Site "Chess.com"]
[Date "2020.11.03"]
[Round "2"]
[White "DenLaz"]
[Black "IMJonathanCarlstedt"]
[Result "0-1"]
[WhiteElo "2732"]
[BlackElo "2520"]
[TimeControl "180+1"]
[EndTime "10:17:52 PST"]
[Termination "IMJonathanCarlstedt won by resignation"]

1. d4 Nf6 2. c4 e6 3. Nf3 Bb4+ 4. Bd2 Qe7 5. g3 Bxd2+ 6. Qxd2 Nc6 7. Nc3 d6 8. d5 exd5 9. cxd5 Ne5 10. Nxe5 dxe5 11. Bg2 O-O 12. O-O Rd8 13. Rfd1 a6 14. Rac1 Rb8 15. Qe3 b6 16. Ne4 Nxe4 17. Qxe4 Bb7 18. Rd3 Rbc8 19. Qc4 Kh8 20. Rdc3 Qd6 21. e4 c6 22. dxc6 Rxc6 23. Qxf7 Rxc3 24. bxc3 Qd7 25. Qb3 b5 26. h4 Qd2 27. Rf1 h6 28. a4 Bc6 29. axb5 Bxb5 30. c4 Rd3 31. Qb1 Bxc4 32. Rc1 Rb3 33. Qa1 Rb2 34. Rf1 Bxf1 35. Qxf1 a5 0-1

[Event "*** Titled Tuesday Blitz"]
[Site "Chess.com"]
[Date "2020.11.03"]
[Round "2"]
[White "A-S-00"]
[Black "Flawless_Fighter"]
[Result "0-1"]
[WhiteElo "2307"]
[BlackElo "2664"]
[TimeControl "180+1"]
[EndTime "10:17:53 PST"]
[Termination "Flawless_Fighter won on time"]

1. d4 d5 2. Nf3 e6 3. c4 Nf6 4. g3 Bb4+ 5. Bd2 Be7 6. Bg2 c6 7. O-O Nbd7 8. Qc2 b6 9. Bf4 Bb7 10. Nbd2 Nh5 11. e4 Nxf4 12. gxf4 dxe4 13. Nxe4 O-O 14.
Ne5 f6 15. Nxd7 Qxd7 16. Rad1 Qc7 17. Qd2 Rad8 18. Qe3 Kh8 19. Bh3 Rfe8 20. c5 Bc8 21.
Qg3 Ba6 22. Rfe1 Bc4 23. f5 Qxg3+ 24. Nxg3 bxc5 25. fxe6 cxd4 26. Nf5 Bb4 27. e7 Rd7 28.
Re4 g6 29. Nxd4 f5 30. Re3 c5 31. a3 cxd4 0-1

[Event "*** Titled Tuesday Blitz"]
[Site "Chess.com"]
[Date "2020.11.03"]
[Round "2"]
[White "Maxim_e2e4"]
[Black "IngOscarArdila"]
[Result "1-0"]
[WhiteElo "2397"]
[BlackElo "2122"]
[TimeControl "180+1"]
[EndTime "10:17:53 PST"]
[Termination "Maxim_e2e4 won by checkmate"]

1. e4 e5 2. Nf3 Nc6 3. Bc4 Bc5 4. O-O Nf6 5. d4 Nxd4 6. Nxe5 O-O 7. Nc3 d6 8. Nd3 Bb6 9. Bg5 h6 10. Bh4 g5 11.
Bg3 Bg4 12. Qd2 Re8 13. Rae1 a6 14. Kh1 Nh5 15. f4 Nxg3+ 16. hxg3 Ne6 17. Nd5 gxf4 18.
Rxf4 Nxf4 19. Qxf4 Qg5 20. Nf6+ Kg7 21. Nxg4 Qxf4 22. Nxf4 h5 23. Nxh5+ Kg6 24. Ngf6 Rh8 25. g4 Bd4 26. Rf1 Bxf6 27. Rxf6+ Kg5 28. Rf5+ Kxg4 29. Be2+ Kh4 30. Kh2 Rag8 31. g3+ Rxg3 32. Nxg3 Rh6 33. Kg2 Rg6 34. Rh5# 1-0

[Event "*** Titled Tuesday Blitz"]
[Site "Chess.com"]
[Date "2020.11.03"]
[Round "2"]
[White "RaunakSadhwani2005"]
[Black "olksuna"]
[Result "1-0"]
[WhiteElo "2970"]
[BlackElo "2617"]
[TimeControl "180+1"]
[EndTime "10:17:54 PST"]
[Termination "RaunakSadhwani2005 won by checkmate"]

1. c4 e6 2. Nf3 d5 3. d4 Nf6 4. g3 Bb4+ 5. Bd2 Be7 6. Bg2 O-O 7. O-O Nbd7 8. Bc3 b6 9. Nbd2 Bb7 10. Rc1 c5 11.
dxc5 Nxc5 12. cxd5 Nxd5 13. Bd4 Rc8 14. Nc4 f6 15. Nh4 Qe8 16. a3 Qf7 17. b4 Nd7 18. e4 Nc7 19. Bb2 Rfd8 20. Qe2 e5 21.
Nf5 Ba6 22. Rfd1 Nf8 23. Qg4 Ng6 24. Nce3 Rxd1+ 25. Rxd1 Rd8 26. Rc1 Ne6 27. h4 Kh8 28. h5 Ngf8 29. Nd5 Bd6 30. Rc6 Bb8 31. h6 g6 32. Ng7 Nxg7 33. Rxf6 Qb7 34. hxg7+ Qxg7 35.
Qf3 Bc8 36. Rf7 Qh6 37. Qf6+ Kg8 38. Ne7# 1-0

[Event "*** Titled Tuesday Blitz"]
[Site "Chess.com"]
[Date "2020.11.03"]
[Round "2"]
[White "Superfelix"]
[Black "DonPreuss"]
[Result "1-0"]
[WhiteElo "2426"]
[BlackElo "2221"]
[TimeControl "180+1"]
[EndTime "10:17:56 PST"]
[Termination "Superfelix won on time"]

1. e4 e5 2. Nf3 d5 3. exd5 e4 4. Bb5+ c6 5. dxc6 bxc6 6. Be2 exf3 7. Bxf3 Bd6 8. O-O Ne7 9. Re1 O-O 10. Nc3 Ng6 11.
d4 Nh4 12. Be4 f5 13. Bd3 Qf6 14. Bc4+ Kh8 15. g3 Ng6 16. Qh5 Ba6 17. Re6 Bxc4 18. Rxf6 Rxf6 19. Bg5 Re6 20. Qf3 h6 21. Bd2 f4 22. b3 Ba6 23. d5 Ne5 24. Qe4 Re7 25. Bxf4 Nbd7 26. dxc6 Nf6 27. Qf5 Bc8 28. Bxe5 Bxf5 29.
Bxd6 Re6 30. Rd1 Rc8 31. c7 Bh3 32. Nb5 Ne4 33. Bf4 Rc6 34. Rd8+ Kh7 35. Rxc8 Bxc8 36.
Nxa7 Rxc2 37. Nxc8 Nf6 38. Nb6 Nd5 39. Nxd5 1-0

[Event "*** Titled Tuesday Blitz"]
[Site "Chess.com"]
[Date "2020.11.03"]
[Round "2"]
[White "Kurai"]
[Black "joppie2"]
[Result "0-1"]
[WhiteElo "2564"]
[BlackElo "2860"]
[TimeControl "180+1"]
[EndTime "10:17:58 PST"]
[Termination "joppie2 won by resignation"]

1. d4 d5 2. c4 e6 3. Nc3 a6 4. c5 Nf6 5. Nf3 Nc6 6. Bf4 b6 7. cxb6 cxb6 8. e3 Be7 9. Bd3 O-O 10. Rc1 Bd7 11. O-O h6 12. Qe2 b5 13. e4 dxe4 14.
Nxe4 Nb4 15. Bb1 Nbd5 16. Be5 b4 17. Nd6 Bxd6 18. Bxd6 Bb5 19. Qe5 Bxf1 20. Bxf8 Bxg2 21.
Kxg2 Qxf8 22. Rc6 a5 23. Kf1 Rc8 24. Qd6 Qe8 25. Rc5 Nd7 26. Rc6 g6 27. Be4 N7f6 28.
Bxd5 Nxd5 29. Ne5 Kg7 30. Rc5 Rd8 31. Qa6 Ne7 32. Rc7 Rxd4 33. Qa7 Qb5+ 34. Kg2 Qxe5 35. Rxe7 Qg5+ 36. Kf1 Rd1+ 37. Ke2 Qd2+ 38. Kf3 Qd5+ 39.
Ke3 Rd3+ 40. Kf4 0-1

[Event "*** Titled Tuesday Blitz"]
[Site "Chess.com"]
[Date "2020.11.03"]
[Round "2"]
[White "sjam6687"]
[Black "Chessdreamer2020"]
[Result "1/2-1/2"]
[WhiteElo "2710"]
[BlackElo "2487"]
[TimeControl "180+1"]
[EndTime "10:17:58 PST"]
[Termination "Game drawn by repetition"]

1. d4 d6 2. c4 e5 3. d5 Be7 4. Nc3 Bg5 5. Nf3 Bxc1 6. Rxc1 Nf6 7. e4 O-O 8. h3 a5 9. Be2 Nbd7 10. O-O Nc5 11. Nd2 g6 12. f4 exf4 13. Rxf4 Nfd7 14. Qc2 Ne5 15. Rcf1 Qg5 16. Kh2 Bd7 17. R1f2 b6 18.
Nf1 Rae8 19. Ng3 h5 20. h4 Qh6 21. Nb5 Rc8 22. Nd4 Ng4+ 23. Bxg4 hxg4 24. h5 Qg5 25. Qd2 Qh4+ 26. Kg1 Qxg3 27. hxg6 fxg6 28. Rxf8+ Rxf8 29. Rxf8+ Kxf8 30. Qh6+ Kf7 31. Qh7+ Kf8 32. Qh8+ Kf7 33. Qh7+ Kf6 34. Qh8+ Kf7 35. Qh7+ 1/2-1/2

[Event "*** Titled Tuesday Blitz"]
[Site "Chess.com"]
[Date "2020.11.03"]
[Round "2"]
[White "Salem-AR"]
[Black "TrickyFortem"]
[Result "1-0"]
[WhiteElo "2850"]
[BlackElo "2552"]
[TimeControl "180+1"]
[EndTime "10:18:00 PST"]
[Termination "Salem-AR won by checkmate"]

1. d4 Nf6 2. c4 g6 3. Nc3 Bg7 4. e4 d6 5. Nf3 O-O 6. Be2 e5 7. d5 a5 8. Bg5 h6 9. Be3 Ng4 10. Bc1 f5 11. exf5 gxf5 12. g3 Na6 13. Nh4 Nf6 14.
f3 Nc5 15. Be3 f4 16. Bxc5 dxc5 17. Qc2 Nh5 18. Ne4 a4 19. a3 b6 20. O-O-O Rf7 21. Kb1 Nf6 22. Bd3 Nxe4 23. Bxe4 Rf6 24. gxf4 Rxf4 25. Bh7+ Kf7 26. Ng6 Rd4 27. Nxe5+ Bxe5 28. Qg6+ Ke7 29. Rde1 Qh8 30. Ka2 Kd8 31. Rhg1 Rf4 32. Qc6 Ra7 33. Rg8+ Qxg8 34. Bxg8 Bd6 35. Re8# 1-0

[Event "*** Titled Tuesday Blitz"]
[Site "Chess.com"]
[Date "2020.11.03"]
[Round "2"]
[White "BjarkeSahl"]
[Black "Alindsay211"]
[Result "0-1"]
[WhiteElo "2279"]
[BlackElo "2460"]
[TimeControl "180+1"]
[EndTime "10:18:00 PST"]
[Termination "Alindsay211 won by resignation"]

1. c3 g6 2. d4 Bg7 3. h4 Nf6 4. Nd2 d5 5. e3 O-O 6. Be2 h5 7. Nh3 Bxh3 8. Rxh3 Nbd7 9. c4 c5 10. dxc5 Nxc5 11. cxd5 Qxd5 12. Nf3 Qxd1+ 13. Kxd1 Rfd8+ 14. Ke1 Rd7 15. Rb1 Rad8 16. Bd2 Nce4 17. Bb4 Ng4 18.
Bb5 Rc7 19. Ng5 Nexf2 20. Rf3 Nd3+ 21. Bxd3 Rxd3 22. Rxf7 Rxe3+ 23. Kf1 Bf6 24. Rxf6 exf6 25. Nf3 Rc2 26. Bc3 0-1

[Event "*** Titled Tuesday Blitz"]
[Site "Chess.com"]
[Date "2020.11.03"]
[Round "2"]
[White "Artyom_ChessMate"]
[Black "kuban1991"]
[Result "0-1"]
[WhiteElo "2583"]
[BlackElo "2905"]
[TimeControl "180+1"]
[EndTime "10:18:01 PST"]
[Termination "kuban1991 won by resignation"]

1. e4 e6 2. d4 d5 3. Bd3 c5 4. exd5 exd5 5. c3 cxd4 6. cxd4 Nc6 7. Nf3 Bd6 8. O-O Nge7 9. Nc3 O-O 10. h3 h6 11. Re1 Be6 12. a3 Rc8 13. b4 Nxb4 14.
axb4 Rxc3 15. Rxa7 Qb6 16. Ra1 Rfc8 17. b5 Bf5 18. Bf1 Be4 19. Bd2 Rc2 20. Ba5 Qa7 21.
Bc7 Qxa1 22. Qxa1 R2xc7 23. Ne5 Ng6 24. f3 Bf5 25. g4 Nxe5 26. dxe5 Bc5+ 27. Kh1 Be6 28.
Bd3 Bf2 29. Rf1 Be3 30. Qa3 Rc3 31. Qe7 Rxd3 32. Qxb7 Rc2 33. Qa8+ Kh7 34. Qa1 Rdd2 0-1

[Event "*** Titled Tuesday Blitz"]
[Site "Chess.com"]
[Date "2020.11.03"]
[Round "2"]
[White "baki83"]
[Black "Crazy_girl99"]
[Result "1-0"]
[WhiteElo "2798"]
[BlackElo "2517"]
[TimeControl "180+1"]
[EndTime "10:18:01 PST"]
[Termination "baki83 won on time"]

1. e4 e5 2. Nf3 Nc6 3. Bb5 a6 4. Ba4 Nf6 5. O-O Nxe4 6. d4 b5 7. Bb3 d5 8. dxe5 Be6 9. c3 Be7 10. Nbd2 O-O 11. Bc2 f5 12. exf6 Nxf6 13. h3 Qd7 14.
Re1 Rae8 15. Nf1 Bd6 16. Bg5 g6 17. Bh6 Rf7 18. Ng5 Rfe7 19. Nxe6 Rxe6 20. Rxe6 Qxe6 21.
Bg5 Ne4 22. Bb3 Kh8 23. Bxd5 Qf5 24. Bxe4 Rxe4 25. Be3 Re8 26. Qg4 Qe5 27. Qf3 Qe4 28. Qxe4 Rxe4 29. Rd1 Ne5 30. Nd2 Ra4 31. Bd4 Rxa2 32.
Nf3 Rxb2 33. Nxe5 Kg8 34. Nc6 1-0

[Event "*** Titled Tuesday Blitz"]
[Site "Chess.com"]
[Date "2020.11.03"]
[Round "2"]
[White "pastouche06"]
[Black "Rud_Makarian"]
[Result "0-1"]
[WhiteElo "2509"]
[BlackElo "2784"]
[TimeControl "180+1"]
[EndTime "10:18:01 PST"]
[Termination "Rud_Makarian won by resignation"]

1. d4 Nf6 2. c4 g6 3. f3 Bg7 4. e4 d6 5. Ne2 O-O 6. Be3 Nbd7 7. Qd2 a6 8. Nec3 e5 9. Be2 Nh5 10. O-O Nf4 11. Na3 Nxe2+ 12. Nxe2 b5 13. cxb5 axb5 14. Nxb5 Ba6 15. Nbc3 c6 16. Rfd1 Re8 17.
b3 d5 18. exd5 cxd5 19. dxe5 Nxe5 20. Bd4 Nd3 21. Bxg7 Kxg7 22. h3 Qb6+ 23. Kh2 Rac8 24. Qg5 Rxc3 25. Nxc3 Qc7+ 26. Kg1 Qxc3 27. Qxd5 Re2 28.
f4 Nxf4 29. Qd4+ Qxd4+ 30. Rxd4 Rxg2+ 31. Kh1 Bb7 32. Rxf4 Rxa2+ 0-1

[Event "*** Titled Tuesday Blitz"]
[Site "Chess.com"]
[Date "2020.11.03"]
[Round "2"]
[White "dawtonlms"]
[Black "chessmadara"]
[Result "1-0"]
[WhiteElo "2424"]
[BlackElo "2216"]
[TimeControl "180+1"]
[EndTime "10:18:02 PST"]
[Termination "dawtonlms won by resignation"]

1. e4 c5 2. Nf3 Nc6 3. Bb5 g6 4. Bxc6 dxc6 5. d3 Bg7 6. h3 Nf6 7. Nc3 Nd7 8. Be3 e5 9. Qd2 h6 10. O-O b6 11. Nh2 Nf8 12. f4 exf4 13. Bxf4 Ne6 14.
Bg3 O-O 15. e5 Qd4+ 16. Kh1 Kh7 17. Rae1 Ng5 18. Rf4 Qd8 19. Bh4 Qc7 20. Ng4 Bxg4 21. Rxg4 Ne6 22. Bf6 h5 23. Rge4 Rad8 24. Qf2 Bh6 25.
g4 hxg4 26. hxg4 Rd4 27. Kg2 Ng5 28. Rh1 Rxe4 29. Rxh6+ 1-0

[Event "*** Titled Tuesday Blitz"]
[Site "Chess.com"]
[Date "2020.11.03"]
[Round "2"]
[White "CaspiIsrael"]
[Black "Duhless"]
[Result "0-1"]
[WhiteElo "2619"]
[BlackElo "2994"]
[TimeControl "180+1"]
[EndTime "10:18:03 PST"]
[Termination "Duhless won by resignation"]

1. e4 c6 2. d4 d5 3. e5 Bf5 4. h4 h5 5. Bd3 Bxd3 6. Qxd3 e6 7. Bg5 Ne7 8. Nd2 Nd7 9. Ngf3 c5 10. c4 Qa5 11.
O-O Qa6 12. Qb3 dxc4 13. Nxc4 Nd5 14. Rfd1 b5 15. Ne3 c4 16. Qc2 N7b6 17. a4 b4 18. a5 Nxe3 19. fxe3 b3 20. Qf2 Nd5 21. e4 Nb4 22. Qg3 Nd3 23. Rd2 Bb4 24. Re2 Nxb2 25.
Rxb2 Bc3 26. Bc1 g6 27. Qf4 Rc8 28. Qe3 Bb4 29. Ng5 O-O 30. Qe2 Bc3 31. Be3 Qb5 32. Rbb1 Bxa1 33. Rxa1 Qb4 34. g4 b2 35. Rf1 b1=Q 36. gxh5 Qd3 37. Qf3 Qbc3 38. Nxf7 Qxe3+ 0-1

[Event "*** Titled Tuesday Blitz"]
[Site "Chess.com"]
[Date "2020.11.03"]
[Round "2"]
[White "machupichu10"]
[Black "AquivaRubinstein"]
[Result "1-0"]
[WhiteElo "2768"]
[BlackElo "2501"]
[TimeControl "180+1"]
[EndTime "10:18:03 PST"]
[Termination "machupichu10 won on time"]

1. d4 Nf6 2. c4 c5 3. d5 e6 4. Nc3 exd5 5. cxd5 d6 6. Nf3 g6 7. Bf4 Bg7 8. e3 O-O 9. Be2 a6 10. a4 Qe7 11. O-O Nbd7 12. h3 Nh5 13. Bh2 f5 14. Nd2 Nhf6 15. Nc4 Ne8 16. a5 Rb8 17. Na4 Ne5 18.
Nab6 Bd7 19. Bxe5 Bxe5 20. Nxe5 dxe5 21. d6 Nxd6 22. Nxd7 Qxd7 23. Qd5+ Kg7 24. Rfd1 Rbd8 25. Qxe5+ Rf6 26. Rd2 Qc6 27. Rad1 Kf7 28. Bf3 Qc7 29. Bd5+ Kg7 30. Be6 Qe7 31. Rxd6 Rxd6 32. Rxd6 1-0